 Dungeon Crawl Stone Soup version 0.19-b1-5-gdc9fa9d (webtiles) character file.

366 Gorglomux the Cudgeler (level 7, -6/56 HPs)
             Began as a Formicid Fighter on Oct 31, 2016.
             Mangled by an ogre
             ... wielding a cursed -1 giant spiked club
              (18 damage)
             ... on level 4 of the Dungeon.
             The game lasted 00:07:14 (2684 turns).

Gorglomux the Cudgeler (Formicid Fighter)           Turns: 2684, Time: 00:07:15

Health: -6/56      AC:  6    Str: 21    XL:     7   Next: 0%
Magic:  2/2        EV:  9    Int:  8    God:
Gold:   311        SH:  9    Dex: 11    Spells: 0 memorised, 6 levels left

rFire  . . .     SeeInvis +     s - +2 flail (antimagic)
rCold  . . .     Gourm    .     l - +0 mottled dragon scales
rNeg   . . .     Faith    .     c - +0 shield
rPois  .         Spirit   .     (helmet unavailable)
rElec  .         Reflect  .     (no cloak)
rCorr  .         Harm     .     (no gloves)
MR     .....                    (no boots)
Stlth  ++........               (no amulet)
                                (no ring)
                                h - ring of stealth

@: no status effects
A: permanent stasis, dig shafts and tunnels, four strong arms, antennae 3
a: Dig, Shaft Self


You were on level 4 of the Dungeon.
You were very hungry.

You visited 1 branch of the dungeon, and saw 4 of its levels.

You collected 311 gold pieces.

Inventory:

Hand Weapons
 a - a +0 flail
 e - a +3 whip
 s - a +2 antimagic flail (weapon)
Armour
 b - a +0 scale mail
 c - a +0 shield (worn)
 l - +0 mottled dragon scales (worn)
Jewellery
 h - a ring of stealth (left hand)
Scrolls
 j - a scroll of remove curse {unknown}
 m - a scroll of identify {unknown}
 n - a scroll of enchant armour {unknown}
 p - a scroll of fear {unknown}
 q - a scroll of random uselessness {unknown}
 r - a scroll of amnesia {unknown}
 u - a scroll of recharging {unknown}
 v - a scroll of teleportation {unknown}
Potions
 g - 2 potions of lignification {unknown}
 i - a potion of degeneration
 o - a potion of magic {unknown}
Comestibles
 d - 2 meat rations
 f - 3 bread rations
 k - 4 fruits
 t - a beef jerky


   Skills:
 + Level 5.0 Fighting
 * Level 5.2 Maces & Flails
 - Level 3.6 Armour
 - Level 0.3 Dodging
 - Level 4.3 Shields


You had 6 spell levels left.
You didn't know any spells.

Dungeon Overview and Level Annotations

Branches:
Dungeon (4/15)
 Temple: D:4-7

Altars:
Dithmenos
Sif Muna
Trog
The Shining One

Annotations:
D:3 exclusion: door


Innate Abilities, Weirdness & Mutations

You are under a permanent stasis effect.
You can dig through walls and to a lower floor.
Your four strong arms can wield two-handed weapons with a shield.
You have a pair of large antennae on your head. (SInv)


Message History

You sock the ogre!
The ogre is heavily wounded.
You block the ogre's attack.
You sock the ogre!
The ogre is severely wounded.
You barely miss the ogre.
The ogre is severely wounded.
You block the ogre's attack.
You hit the ogre but do no damage.
The ogre is severely wounded.
The ogre hits you with a giant spiked club!
You hit the ogre.
The ogre is almost dead.
The ogre hits you with a giant spiked club!!
* * * LOW HITPOINT WARNING * * *
You are too injured to fight recklessly!
You closely miss the ogre.
The ogre is almost dead.
The ogre hits you with a giant spiked club!!
You die...

## #...#####
..(.....#
..O #@#
.....#O###
....).....#
..>...###.#
#....#
#.##########
#....
#..........#
....
##########.#
#.. #.# ...
#.#


You could see an ogre.

Vanquished Creatures
  A phantom (D:2)
  An eye of draining (D:3)
  A hound (D:2)
  Terence (D:3)
  5 adders
  A gnoll (D:3)
  A worm (D:2)
  2 orcs
  4 giant cockroaches
  9 goblins
  12 hobgoblins
  8 jackals
  8 kobolds
  6 bats
  7 frilled lizards
  A quokka skeleton (D:4)
  15 rats
83 creatures vanquished.

Notes
Turn   | Place    | Note
-------+----------+-------------------------------------------
     0 | D:1      | Gorglomux the Formicid Fighter began the quest for the Orb.
     0 | D:1      | Reached XP level 1. HP: 18/18 MP: 1/1
   139 | D:1      | Reached XP level 2. HP: 24/24 MP: 2/2
   439 | D:1      | Reached XP level 3. HP: 29/29 MP: 3/3
   854 | D:2      | Found a glowing golden altar of the Shining One.
   916 | D:2      | Reached XP level 4. HP: 30/37 MP: 4/4
   944 | D:2      | Found a shadowy altar of Dithmenos.
  1038 | D:2      | Noticed a phantom
  1080 | D:2      | Reached XP level 5. HP: 8/42 MP: 5/5
  1145 | D:2      | Killed a phantom
  1145 | D:2      | Reached XP level 6. HP: 5/49 MP: 6/6
  1853 | D:3      | Noticed Terence
  1897 | D:3      | Killed Terence
  2082 | D:3      | Found a deep blue altar of Sif Muna.
  2288 | D:3      | Found a bloodstained altar of Trog.
  2288 | D:3      | Noticed an eye of draining
  2298 | D:3      | Killed an eye of draining
  2298 | D:3      | Reached skill level 5 in Fighting
  2298 | D:3      | Reached skill level 5 in Maces & Flails
  2393 | D:3      | Reached XP level 7. HP: 56/56 MP: 2/7
  2684 | D:4      | Mangled by an ogre

Skill      XL: |  1  2  3  4  5  6 |
---------------+-------------------+-----
Shields        | 4 |  4.3
Maces & Flails | 3 4 5 |  5.2
Fighting       | 4 5 |  5.0
Armour         | |  3.6
Dodging        | |  0.3

Action                   |  1- 3 |  4- 6 |  7- 9 || total
-------------------------+-------+-------+-------++-------
Melee: Whip              |    91 |   158 |       ||   249
       Flail             |     7 |    31 |    10 ||    48
 Abil: Dig               |     1 |     8 |       ||     9
  Use: Potion            |     1 |     1 |       ||     2
 Stab: Sleeping          |       |     2 |     2 ||     4
  Eat: Chunk             |       |     6 |       ||     6
Armor: Scale mail        |    66 |    10 |       ||    76
       Mottled dragon sc |       |    30 |       ||    30
Dodge: Dodged            |    51 |    62 |     1 ||   114
Block: Shield            |    68 |    70 |     2 ||   140
